 Dungeon Crawl Stone Soup version 0.24-a0-232-g49d9ff8 (webtiles) character file.

Game seed: 8752762574767525391

4972 Mgcat the Nimble (level 10, -11/55 HPs)
             Began as a Spriggan Berserker on Apr 3, 2019.
             Was a High Priest of Trog.
             Mangled by a white ugly thing (37 damage)
             ... on level 9 of the Dungeon.
             The game lasted 00:25:18 (8692 turns).

Mgcat the Nimble (Spriggan Berserker)               Turns: 8692, Time: 00:25:19

Health: -11/55     AC: 17    Str: 21    XL:     10   Next: 28%
Magic:  14/14      EV: 22    Int: 13    God:    Trog [*****.]
Gold:   620        SH:  0    Dex: 17    Spells: 9/9 levels left

rFire    + + .     SeeInvis +   h - +5 dagger (vamp) {!w}
rCold    x . .     Gourm    .   (shield restricted)
rNeg     . . .     Faith    .   e - +4 fire dragon scales
rPois    .         Spirit   .   (helmet restricted)
rElec    .         Reflect  .   f - +2 cloak
rCorr    .         Harm     .   (gloves unavailable)
MR       +....                  (boots unavailable)
Stlth    ..........             (no amulet)
HPRegen  0.18/turn              z - +5 ring of intelligence
MPRegen  0.14/turn              (no ring)

@: mighty, very quick
A: very small, unfitting armour, see invisible, herbivore, speed 3, slow
metabolism 2
a: Berserk, Trog's Hand, Brothers in Arms, Renounce Religion


You were on level 9 of the Dungeon.
You worshipped Trog.
Trog was extremely pleased with you.
You were very hungry.

You visited 1 branch of the dungeon, and saw 9 of its levels.
You also visited: Ossuary.

You collected 620 gold pieces.

Inventory:

Hand Weapons
 h - a +5 vampiric dagger (weapon) {!w}
   (You took it off a goblin on level 2 of the Dungeon)
Missiles
 A - 2 throwing nets {=f, !d}
Armour
 e - +4 fire dragon scales (worn)
   (You found it on level 1 of the Dungeon)
 f - a +2 cloak (worn)
   (You found it on level 1 of the Dungeon)
Jewellery
 z - a +5 ring of intelligence (left hand)
   (You found it on level 9 of the Dungeon)
Wands
 l - a wand of iceblast (1)
   (You found it on level 3 of the Dungeon)
 u - a wand of digging (4)
   (You found it on level 7 of the Dungeon)
 y - a wand of enslavement (18)
   (You found it on level 9 of the Dungeon)
Scrolls
 b - 5 scrolls of remove curse
 i - 5 scrolls of teleportation
 n - 2 scrolls of identify
 o - 3 scrolls of immolation {!r}
 r - 4 scrolls of fear
 w - a scroll of noise {unknown}
 x - a scroll of vulnerability {unknown}
Potions
 a - 2 potions of flight
 d - 5 potions of brilliance
 g - a potion of ambrosia
 j - 3 potions of curing
 k - a potion of agility
 m - 2 potions of might
 p - 2 potions of heal wounds
 q - 2 potions of magic
 s - 5 potions of haste
 t - a potion of berserk rage {!q}
 v - a potion of mutation {!q}
Comestibles
 c - 8 rations


   Skills:
 + Level 7.3 Fighting
 + Level 9.5 Short Blades
 + Level 4.9 Armour
 - Level 10.0 Dodging
 - Level 5.0 Evocations


You had 9 spell levels left.
You didn't know any spells.
Your spell library was empty.

Dungeon Overview and Level Annotations

Branches:
Dungeon (9/15)             Temple (0/1) D:6            Lair (0/6) D:8
    Orc: D:9-12

Altars:
Elyvilon
Fedhas
Kikubaaqudgha
Okawaru
Ru
Uskayaw
Vehumet
Xom
Yredelemnul

Shops:
D:9 }

Annotations:
D:3 Terence
D:7 1 runed translucent door, Crazy Yiuf


Innate Abilities, Weirdness & Mutations

You are very small and have problems with some larger weapons.
You are too small for most types of armour.
You have supernaturally acute eyesight. (SInv)
You are a herbivore.
You cover ground extremely quickly.
You need to consume almost no food.


Message History

Spoiler Alert: The centaur is fast and can hit for moderate damage at range!
You puncture the centaur!
The centaur is severely wounded.
The centaur hits you but does no damage.
You puncture the centaur!
You kill the centaur!
Trog accepts your kill.
No target in view!
No target in view!
No target in view!
No target in view!
You start waiting.
The ogre is too close now for your liking.
You barely miss the ogre. The ogre completely misses you.
You hit the ogre but do no damage. You hit the ogre.
The ogre is lightly wounded.
You hit the ogre.
The ogre is lightly wounded.
The ogre barely misses you.
You hit the ogre but do no damage.
The ogre is lightly wounded.
You hit the ogre.
The ogre is heavily wounded.
You hit the ogre.
The ogre is heavily wounded.
The ogre hits you with a +0 giant spiked club.
You take 4 damage, and have 51/55 hp.
You hit the ogre but do no damage.
The ogre is heavily wounded.
You hit the ogre.
The ogre is severely wounded.
The ogre misses you.
You puncture the ogre!
You feel better.
The ogre is almost dead.
You regained 3 hp, and now have 54/55 hp.
You barely miss the ogre.
The ogre is almost dead.
Your fire dragon scales prevents you from hitting the ogre.
The ogre is almost dead.
The ogre misses you.
You hit the ogre.
You kill the ogre!
Trog accepts your kill.
No target in view!
No target in view!
n - 2 scrolls of identify (gained 1)
You now have 620 gold pieces (gained 20).
Items here: ( )) † a +0 giant spiked club; a +0 shortbow; 20 arrows; a centaur corpse Health restored: 55 An orc comes into view.
It is wielding a +0 falchion.
The white ugly thing gurgles horribly!
The orc shouts!
Spoiler Alert: The white ugly thing is fast and can hit for moderate damage in melee!
There are monsters nearby!
Spoiler Alert: The white ugly thing is fast and can hit for moderate damage in melee!
There are monsters nearby!
Spoiler Alert: The white ugly thing is fast and can hit for moderate damage in melee!
There are monsters nearby!
Spoiler Alert: The white ugly thing is fast and can hit for moderate damage in melee!
Evoke which item? (* to show all) (? for menu, Esc to quit)
Aiming: Enslavement
Press: ? - help, Shift-Dir - straight line, f - orc
Aim: an orc, wielding a +0 falchion (chance to defeat MR: 76%)
The orc is charmed.
Spoiler Alert: The white ugly thing is fast and can hit for moderate damage in melee!
Spoiler Alert: The white ugly thing is fast and can hit for moderate damage in melee!
What are your orders? t - Shout!
Orders for allies: a - Attack new target. p - Attack previous target. r - Retreat! s - Stop attacking. g - Guard the area. f - Follow me.
Anything else - Cancel.
Guard this area!
Spoiler Alert: The white ugly thing is fast and can hit for moderate damage in melee!
Spoiler Alert: The white ugly thing is fast and can hit for moderate damage in melee!
You hit the white ugly thing.
The white ugly thing is lightly wounded.
Your orc hits the white ugly thing with a +0 falchion.
The white ugly thing misses you.
Spoiler Alert: The white ugly thing is fast and can hit for moderate damage in melee!
You barely miss the white ugly thing.
The white ugly thing is lightly wounded.
Spoiler Alert: The white ugly thing is fast and can hit for moderate damage in melee!
You hit the white ugly thing.
The white ugly thing is lightly wounded.
Your orc hits the white ugly thing with a +0 falchion.
The white ugly thing tentacle-slaps you.
The white ugly thing freezes you!!
You feel a terrible chill!
You take 22 damage, and have 33/55 hp.
MASSIVE DAMAGE!!
Spoiler Alert: The white ugly thing is fast and can hit for moderate damage in melee!
You hit the white ugly thing but do no damage.
The white ugly thing is lightly wounded.
Spoiler Alert: The white ugly thing is fast and can hit for moderate damage in melee!
You feel very mighty all of a sudden.
Your orc hits the white ugly thing with a +0 falchion.
The white ugly thing tentacle-slaps you!
The white ugly thing freezes you!!!
You feel a terrible chill!
Ouch! That really hurt!
You die...

.....###Z###.#.###...#.......# ##
..#..#...#.....#.)...#.......#
......####.#.###.#...#....[### #
.......#...#...#.#...#.#.....# #
.#.#.#.#.#####.#.#...#.#...#.####
.......#. .. #...#...#.....#....#
##.#########.#####...#.....#..###
... #.......o(....#.........## .#
#.......u@...>).....#...##
#..##########†##....#...)# #
#.##....#...!# ####.##....#....#
#.∩..####..#..... #..#.#
#..#..... #....####......#.
##.....##.######. ##.....#.# #.


You could see a white ugly thing and a friendly orc.

Vanquished Creatures
  A two-headed ogre (D:8)
  Sigmund (D:6)
  2 hippogriffs
  A shadow (D:9)
  A human (D:9)
  Duvessa (D:5)
  2 orc warriors
  2 ice beasts (D:9)
  5 sky beasts
  3 ogres
  3 centaurs
  A big kobold (D:4)
  3 bullfrogs
  A gnoll sergeant (D:8)
  A scorpion (D:5)
  2 water moccasin skeletons
  Dowan (D:5)
  6 killer bees (D:7)
  2 electric eels (D:9)
  3 howler monkeys (D:8)
  A crimson imp (D:6)
  3 hounds
  3 jellies
  5 orc priests
  A bullfrog zombie (D:9)
  5 orc wizards
  A centaur skeleton (D:7)
  4 worker ants
  A hound skeleton (D:4)
  3 mummies (Ossuary)
  3 worker ant zombies
  A howler monkey zombie (D:9)
  8 gnolls
  7 adders
  3 shadow imps
  A white imp (D:9)
  A worker ant simulacrum (D:9)
  An ufetubus (D:9)
  An ooze (D:2)
  3 adder skeletons (D:4)
  4 adder zombies (Ossuary)
  2 worms (D:3)
  3 dart slugs
  2 leopard geckos
  35 orcs
  3 ball pythons
  9 giant cockroaches
  7 hobgoblins
  12 jackals
  A quokka (D:2)
  9 bats
  7 frilled lizards
  10 goblins
  2 goblin zombies (Ossuary)
  6 hobgoblin zombies (Ossuary)
  A jackal simulacrum (D:9)
  28 kobolds
  2 kobold zombies (Ossuary)
  An orc zombie (Ossuary)
  7 rats
  3 rat zombies (Ossuary)
  2 fungi (D:7)
254 creatures vanquished.

Vanquished Creatures (others)
  A plant (D:4)
1 creature vanquished.

Grand Total: 255 creatures vanquished

Notes
Turn   | Place    | Note
-------+----------+-------------------------------------------
     0 | D:1      | Mgcat the Spriggan Berserker began the quest for the Orb.
     0 | D:1      | Reached XP level 1. HP: 11/11 MP: 2/2
   467 | D:1      | Reached XP level 2. HP: 16/16 MP: 3/3
   772 | D:1      | Reached skill level 5 in Dodging
   820 | D:1      | Reached ** piety under Trog
   820 | D:1      | Reached XP level 3. HP: 17/19 MP: 4/4
  1217 | D:2      | Reached skill level 3 in Fighting
  1217 | D:2      | Reached skill level 4 in Short Blades
  1217 | D:2      | Reached XP level 4. HP: 10/24 MP: 5/5
  1936 | D:3      | Reached skill level 6 in Dodging
  1960 | D:3      | Reached XP level 5. HP: 28/28 MP: 6/6
  2012 | D:3      | Reached *** piety under Trog
  2052 | D:3      | Noticed Terence
  2745 | D:4      | Reached skill level 1 in Evocations
  2745 | D:4      | Reached XP level 6. HP: 33/33 MP: 7/7
  2831 | D:4      | Found a sand-covered staircase.
  2837 | Ossuary  | Entered an ossuary
  2868 | Ossuary  | Reached skill level 5 in Short Blades
  3254 | D:4      | Reached **** piety under Trog
  3448 | D:4      | Reached skill level 2 in Evocations
  3450 | D:4      | Reached skill level 7 in Dodging
  3490 | D:4      | Reached skill level 4 in Fighting
  3856 | D:4      | Found a blossoming altar of Fedhas.
  4013 | D:5      | Entered Level 5 of the Dungeon
  4331 | D:5      | Reached XP level 7. HP: 28/37 MP: 10/10
  4400 | D:5      | Reached skill level 3 in Evocations
  4480 | D:5      | Found an ancient bone altar of Kikubaaqudgha.
  4598 | D:5      | Noticed Dowan
  4620 | D:5      | Killed Dowan
  4635 | D:5      | Noticed Duvessa
  4712 | D:5      | Killed Duvessa
  4712 | D:5      | Reached skill level 6 in Short Blades
  4712 | D:5      | Reached skill level 8 in Dodging
  4712 | D:5      | Reached skill level 4 in Evocations
  5099 | D:6      | Reached XP level 8. HP: 41/42 MP: 12/12
  5217 | D:6      | Found a staircase to the Ecumenical Temple.
  5375 | D:6      | Found an iron altar of Okawaru.
  5613 | D:6      | Noticed Sigmund
  5625 | D:6      | Killed Sigmund
  5625 | D:6      | Reached skill level 1 in Armour
  5700 | D:7      | Reached skill level 5 in Fighting
  5700 | D:7      | Reached skill level 5 in Evocations
  5741 | D:7      | Reached ***** piety under Trog
  5750 | D:7      | Reached skill level 9 in Dodging
  5854 | D:7      | Found a sacrificial altar of Ru.
  5945 | D:7      | Reached skill level 2 in Armour
  6053 | D:7      | Noticed a hippogriff
  6092 | D:7      | Killed a hippogriff
  6092 | D:7      | Reached skill level 7 in Short Blades
  6159 | D:7      | Reached XP level 9. HP: 40/47 MP: 13/13
  6686 | D:7      | Found a runed translucent door.
  6687 | D:7      | Noticed Crazy Yiuf
  6817 | D:8      | Reached skill level 10 in Dodging
  6950 | D:8      | Reached skill level 3 in Armour
  7033 | D:8      | Found a staircase to the Lair.
  7048 | D:8      | Reached skill level 6 in Fighting
  7206 | D:8      | Found a basalt altar of Yredelemnul.
  7358 | D:8      | Reached skill level 8 in Short Blades
  7384 | D:8      | Noticed a two-headed ogre
  7427 | D:8      | Killed a two-headed ogre
  7427 | D:8      | Reached skill level 4 in Armour
  7708 | D:9      | Found a hide-covered altar of Uskayaw.
  7708 | D:9      | Found a shimmering altar of Xom.
  7708 | D:9      | Found a white marble altar of Elyvilon.
  7708 | D:9      | Found a radiant altar of Vehumet.
  7954 | D:9      | Reached skill level 9 in Short Blades
  7954 | D:9      | Reached XP level 10. HP: 53/53 MP: 14/14
  7980 | D:9      | Found Istre's Gadget Emporium.
  8074 | D:9      | Reached skill level 7 in Fighting
  8175 | D:9      | Noticed a white ugly thing
  8692 | D:9      | Mangled by a white ugly thing

Levels and vault maps discovered:
D:1:      psy_arrival_radial01, layout_loops_ring, minmay_misc_feat_doors
D:2:      layout_rooms
D:3:      layout_rooms, uniq_terence
D:4:      kennysheep_kobold_camp, layout_cave_pools, kennysheep_mini,
          nicolae_ossuary_entry_plus
D:5:      layout_loops_cross, kiku_gazebo_garden_becter, first_ration,
          uniq_duvessa
D:6:      layout_basic, okawaru_metal_pillars_1_2,
          minmay_temple_entry_antechambers, ebering_dispersal_statue_hall,
          uniq_sigmund
D:7:      layout_basic, overflow_temple_1_default, uniq_crazy_yiuf_cottage
D:8:      layout_basic, dpeg_oklobed_lair, basic_altar
D:9:      minmay_the_grid_net [minmay_the_grid_paths, minmay_the_grid_eight,
          minmay_the_grid_zigzag_pyramid, minmay_the_grid_doors,
          minmay_the_grid_pillar_ring, minmay_the_grid_prize_big_room],
          layout_basic, chequers_temple_overflow_statue_of_worship, serial_ice,
          serial_ice_m, serial_ice_h, serial_ice_n, serial_ice_b, serial_ice_l,
          serial_ice_d, serial_ice_a, serial_ice_o, serial_ice_e, serial_ice_g,
          serial_shops, shop, nicolae_shop_window_shopping,
          nicolae_shop_waterfront, grunt_pizzeria, minivault_22
Ossuary:  ossuary_minmay_chase

Skill      XL: |  1  2  3  4  5  6  7  8  9 10 |
---------------+-------------------------------+-----
Dodging        | 5 6 7 8 9 10 | 10.0
Fighting       | 3 4 5 6 7 |  7.3
Short Blades   | 4 5 6 7 9 |  9.5
Evocations     | 1 2 4 5 |  5.0
Armour         | 2 4 |  4.9

Action                   |  1- 3 |  4- 6 |  7- 9 | 10-12 || total
-------------------------+-------+-------+-------+-------++-------
Melee: Short sword       |   148 |     3 |       |       ||   151
       Dagger            |       |   556 |   730 |   179 ||  1465
Invok: Berserk           |     2 |       |       |       ||     2
Evoke: Wand              |       |       |    23 |     2 ||    25
  Use: Scroll            |       |    13 |    16 |       ||    29
       Potion            |       |       |     2 |     1 ||     3
 Stab: Sleeping          |     1 |       |       |       ||     1
  Eat: Ration            |       |     4 |     2 |     1 ||     7
Armor: Fire dragon scale |    31 |   108 |   127 |    16 ||   282
Dodge: Dodged            |   111 |   396 |   387 |    95 ||   989

Table legend:
 A = Non-vault XP
 B = Vault XP
 C = Vault XP percentage of total XP
 D = Non-vault monster count
 E = Vault monster count
 F = Vault count percentage of total count
                 A         B        C        D         E       F
            +---------+---------+-------+---------+---------+-------
      Total |    5192 |    1912 |  26.9 |     189 |      63 |  25.0
            +---------+---------+-------+---------+---------+-------
        D:1 |      48 |       0 |   0.0 |      29 |       0 |   0.0
        D:2 |     137 |       0 |   0.0 |      27 |       0 |   0.0
        D:3 |     159 |       0 |   0.0 |      24 |       0 |   0.0
        D:4 |      97 |     129 |  57.1 |      15 |      21 |  58.3
        D:5 |     385 |     212 |  35.5 |      16 |       2 |  11.1
        D:6 |     313 |     238 |  43.2 |       3 |       1 |  25.0
        D:7 |    1318 |       0 |   0.0 |      28 |       0 |   0.0
        D:8 |    2024 |       0 |   0.0 |      27 |       0 |   0.0
        D:9 |     711 |    1244 |  63.6 |      20 |      18 |  47.4
    Ossuary |       0 |      89 | 100.0 |       0 |      21 | 100.0
            +---------+---------+-------+---------+---------+-------

Levels and vault maps discovered:
D:1:      psy_arrival_radial01, layout_loops_ring, minmay_misc_feat_doors
D:2:      layout_rooms
D:3:      layout_rooms, uniq_terence
D:4:      kennysheep_kobold_camp, layout_cave_pools, kennysheep_mini,
          nicolae_ossuary_entry_plus
D:5:      layout_loops_cross, kiku_gazebo_garden_becter, first_ration,
          uniq_duvessa
D:6:      layout_basic, okawaru_metal_pillars_1_2,
          minmay_temple_entry_antechambers, ebering_dispersal_statue_hall,
          uniq_sigmund
D:7:      layout_basic, overflow_temple_1_default, uniq_crazy_yiuf_cottage
D:8:      layout_basic, dpeg_oklobed_lair, basic_altar
D:9:      minmay_the_grid_net [minmay_the_grid_paths, minmay_the_grid_eight,
          minmay_the_grid_zigzag_pyramid, minmay_the_grid_doors,
          minmay_the_grid_pillar_ring, minmay_the_grid_prize_big_room],
          layout_basic, chequers_temple_overflow_statue_of_worship, serial_ice,
          serial_ice_m, serial_ice_h, serial_ice_n, serial_ice_b, serial_ice_l,
          serial_ice_d, serial_ice_a, serial_ice_o, serial_ice_e, serial_ice_g,
          serial_shops, shop, nicolae_shop_window_shopping,
          nicolae_shop_waterfront, grunt_pizzeria, minivault_22
Ossuary:  ossuary_minmay_chase

Table legend:
 A = Turns spent in this place as a percentage of turns spent in the entire game.
 B = Non-inter-level travel turns spent in this place as a percentage of non-inter-level travel turns spent in the entire game.
 C = Inter-level travel turns spent in this place as a percentage of turns spent in this place.
 D = Turns resting spent in this place as a percentage of non-inter-level travel turns spent in this place.
 E = Turns spent auto-exploring this place as a percentage of non-inter-level travel turns spent in this place.
 F = Non-inter-level travel turns spent in this place divided by the number of levels of this place that you've seen.
                   A       B       C       D       E      F
               +-------+-------+-------+-------+-------+----------------------
         Total | 100.0 | 100.0 |   5.6 |  10.7 |  55.6 | 820.7
       Dungeon |  95.2 |  95.0 |   5.9 |  11.3 |  55.2 | 866.0
       Ossuary |   4.8 |   5.0 |   0.0 |   0.0 |  63.0 | 413.0
               +-------+-------+-------+-------+-------+----------------------

Table legend:
 A = Kills in this place as a percentage of kills in entire the game.
 B = Kills by you in this place as a percentage of kills by you in the entire game.
 C = Kills by friends in this place as a percentage of kills by friends in the entire game.
 D = Other kills in this place as a percentage of other kills in the entire game.
 E = Experience gained in this place as a percentage of experience gained in the entire game.
 F = Experience gained in this place divided by the number of levels of this place that you have seen.
                   A       B       C       D       E      F
               +-------+-------+-------+-------+-------+----------------------
         Total | 100.0 | 100.0 |   N/A |   N/A | 100.0 | 710.4
       Dungeon |  91.7 |  91.7 |   N/A |   N/A |  98.7 | 779.4
       Ossuary |   8.3 |   8.3 |   N/A |   N/A |   1.3 |  89.0
               +-------+-------+-------+-------+-------+----------------------
